 Dungeon Crawl Stone Soup version 0.15-a0-1619-g29500c9 (webtiles) character file.

97759 Yolobear the Shatterer (level 16, 166/188 HPs)
             Began as an Ogre Gladiator on Nov 26, 2013.
             Was the Champion of Nemelex Xobeh.
             Quit the game on Level 4 of the Orcish Mines on June 20, 2014.
             The game lasted 03:52:21 (47059 turns).

Yolobear the Shatterer (Ogre Gladiator)            Turns: 47059, Time: 03:52:21

HP 166/188       AC 10     Str 24      XL: 16   Next: 20%
MP  31/31        EV 14     Int  7      God: Nemelex Xobeh [******]
Gold 2560        SH  0     Dex 15      Spells:  2 memorised, 13 levels left

rFire  + . .     SeeInvis .     l - +3 giant spiked club (crush)
rCold  + + .     Clarity  .     h - +2 robe {rN+}
rNeg   + . .     rCorr    .     (shield restricted)
rPois  .         rRot     .     c - +2 hat of the Alchemist {rElec rF+ rC+ MR+}
rElec  +         Spirit   .     D - +2 cloak
SustAb .         Warding  .     (gloves unavailable)
rMut   .         Stasis   .     (boots unavailable)
Gourm  .                        S - amulet of conservation
MR     ++...                    X - ring of protection from cold
                                T - ring of stealth

@: very resistant to hostile enchantments, fairly stealthy
A: unfitting armour, tough skin 1
a: Draw One, Peek at Two, Triple Draw, Deal Four, Stack Five, Renounce Religion


You were on level 4 of the Orcish Mines.
You worshipped Nemelex Xobeh.
Nemelex Xobeh was exalted by your worship.
You were not hungry.

You visited 4 branches of the dungeon, and saw 26 of its levels.
You also visited: Ossuary, Bailey and Ice Cave.

You collected 2954 gold pieces.
You spent 394 gold pieces at shops.

Inventory:

Hand weapons
 l - a +3 giant spiked club of crushing (weapon)
Missiles
 a - 5 large rocks
 g - 8 javelins of returning (quivered)
 p - 21 darts of dispersal
 Y - 5 throwing nets
Armour
 c - the +2 hat of the Alchemist (worn) {rElec rF+ rC+ MR+}
   (You found it on level 1 of the Lair of Beasts)

   It protects you from fire.
   It protects you from cold.
   It insulates you from electricity.
   It affects your resistance to hostile enchantments.
 h - a +2 robe of positive energy (worn)
 D - a +2 cloak (worn)
Magical devices
 m - a wand of heal wounds (5)
 w - a wand of teleportation (2)
 C - a wand of fireball (5)
 Z - a wand of lightning (5)
Comestibles
 f - 6 meat rations
 i - 4 bread rations
 u - 3 royal jellies
Scrolls
 b - 5 scrolls of identify
 e - 7 scrolls of remove curse
 x - a scroll of magic mapping
 E - 2 scrolls of blinking
 I - a scroll of fear
 V - 2 scrolls of fog
Jewellery
 d - an uncursed ring of protection from fire
 k - an uncursed amulet of resist corrosion
 s - an uncursed ring of teleportation
 t - an uncursed ring of protection from cold
 B - an uncursed ring of see invisible
 G - an uncursed ring of flight
 M - an uncursed ring of protection from fire
 S - an amulet of conservation (around neck)
 T - a ring of stealth (left hand)
 W - an uncursed ring of invisibility
 X - a ring of protection from cold (right hand)
Potions
 j - 3 potions of agility
 o - 5 potions of curing
 v - 2 potions of haste
 z - 2 potions of heal wounds
 A - 2 potions of lignification
 K - a potion of brilliance
 R - 3 potions of restore abilities
Miscellaneous
 n - a lantern of shadows
 q - a legendary deck of destruction {drawn: 3}
 r - an ornate deck of escape {drawn: 1}
 y - a legendary deck of summonings {Repulsiveness}
 F - a fan of gales
 H - a legendary deck of summonings {drawn: 1}
 J - a legendary deck of summonings {drawn: 1}
 L - an ornate deck of destruction {drawn: 1}
 N - an ornate deck of escape {drawn: 1}
 O - a disc of storms
 P - an ornate deck of escape {drawn: 1}
 Q - a lamp of fire
 U - a legendary deck of summonings {drawn: 1}


   Skills:
 + Level 17.3 Fighting
 - Level 22.0 Maces & Flails
 - Level 3.1 Throwing
 * Level 7.4 Dodging
 + Level 13.2 Evocations


You had 13 spell levels left.
You knew the following spells:

 Your Spells              Type           Power        Failure   Level  Hunger
a - Apportation           Tloc           #.........   47%         1    ##.....
b - Summon Butterflies    Summ           #.......     47%         1    ##.....


Dungeon Overview and Level Annotations

Branches:
Dungeon (13/16)            Temple (1/1) D:5             Orc (4/4) D:9
    Elf (0/3) Orc:3          Lair (8/8) D:11          Swamp (0/5) Lair:4
  Snake (0/5) Lair:5       Spider (0/5) Lair:4        Slime (0/6) Lair:7
 Vaults: D:13-14

Altars:
Ashenzari
Cheibriados
Elyvilon
Fedhas
Kikubaaqudgha
Makhleb
Nemelex Xobeh
Okawaru
Sif Muna
Trog
Vehumet
Xom
Yredelemnul
Zin
The Shining One
Beogh
Jiyva

Shops:
D:11 !   D:13 [   Orc:4 %}?[

Annotations:
D:4 exclusion: oklob plant
D:9 ork, exclusion: 2 oklob saplings
D:10 nOtime's ghost, experienced MiFi
Orc:1 gsc, summonings, spell, exclusion: door
Orc:3 TLA


Innate Abilities, Weirdness & Mutations

You are too large for most types of armour.
You have tough skin (AC +1).


Message History

Nemelex Xobeh says: It's all in the cards!
Press ? for a list of commands and other information.
Press: ? - help, v - describe, . - travel, g - get item A +1 robe of fire resistance.
There is something else lying underneath.
The floor.
Things that are here:
a +1 robe of fire resistance; an orcish flail; an orc corpse Your pack is full.
Things that are here:
an elven robe of cold resistance; a quarterstaff of freezing 2 chunks of orc flesh; a wand of fire {zapped: 5} Your pack is full.
Things that are here:
an elven robe of cold resistance; a quarterstaff of freezing 2 chunks of orc flesh; a wand of fire {zapped: 5} Welcome back, Yolobear the Ogre Gladiator.
Nemelex Xobeh says: It's all in the cards!
Press ? for a list of commands and other information.
Are you sure you want to abandon this character and quit the game? (Confirm with "yes".)

###...........##.................
###..............................
##.......................#.......
.#...............................
.................................
.................................
.#.......<.......................
.................................
...............[@................
.................................
..............................#..
#................................
#.........#......................
##.....#......##.................
##...............................
......#..........<...............
.##.##......###..................


There were no monsters in sight!

Vanquished Creatures
  Donald (Orc:4)
  Maud (Lair:3)
  A stone giant (D:11)
  An ettin (Orc:4)
  Fannar (Orc:4)
  6 hydras
  Josephine (Orc:2)
  4 death yaks (Lair:8)
  2 ogre magi (Orc:4)
  Nergalle (Orc:4)
  Erolcha (D:11)
  2 deep trolls
  3 ice statues (IceCv)
  20 hill giants
  Joseph (D:9)
  2 griffons
  An orc sorcerer (Orc:4)
  3 orc knights
  5 cyclopes
  8 black mambas
  Maurice (D:10)
  11 elephants (Lair:8)
  28 spiny frogs
  A feature mimic (Lair:2)
  3 wandering mushrooms (D:9)
  6 fire drakes
  7 komodo dragons
  A polar bear (Lair:4)
  3 giant leeches (Lair:8)
  17 blink frogs
  8 two-headed ogres
  A boulder beetle (Lair:7)
  9 trolls
  4 basilisks
  A wraith (D:10)
  4 slime creatures (D:12)
  A shadow (D:11)
  36 yaks
  4 hungry ghosts
  A hill giant zombie (D:11)
  3 sharks (Lair:1)
  Eustachio (D:7)
  5 hippogriffs
  3 wyverns
  16 wolves
  7 vampire mosquitoes
  2 steam dragons
  2 necrophages
  4 manticores
  A mottled dragon (D:8)
  8 porcupines
  3 nagas (Lair:5)
  25 ice beasts
  A black bear (D:9)
  4 phantoms
  A boring beetle (Lair:8)
  32 ogres
  22 orc warriors
  7 centaurs
  3 yellow wasps
  2 big kobolds
  Sigmund (D:7)
  3 sky beasts
  Duvessa (D:9)
  28 giant frogs
  7 wargs
  12 crocodiles
  7 removed MONS_GIANT_SLUGs
  3 removed
  MONS_AGATE_SNAILs (Lair:7)
  14 water moccasins
  3 troll skeletons
  3 jellies
  A vampire bat (Orc:4)
  25 killer bees
  2 electric eels
  3 removed
  MONS_JELLYFISHs (Lair:8)
  A giant frog zombie (D:6)
  Dowan (D:9)
  A human zombie (Ossuary)
  A quasit (D:10)
  6 crimson imps
  3 big fish
  3 goliath beetles
  A centaur zombie (D:8)
  A gnoll shaman (D:7)
  10 hounds
  16 orc priests
  A black bear skeleton (D:9)
  3 giant frog skeletons
  8 iguanas
  27 orc wizards
  5 scorpions
  A warg skeleton (Orc:2)
  16 worker ants
  20 sheep
  A big kobold skeleton (D:9)
  An ogre zombie (Orc:2)
  5 mummies
  A worker ant zombie (D:9)
  22 gnolls
  114 green rats
  A removed MONS_GIANT_CENTIPEDE (Lair:2)
  2 giant mites (D:3)
  31 adders
  An inept item mimic (D:2)
  3 worms
  An adder skeleton (D:9)
  2 scorpion zombies
  The ghost of timbw the Skirmisher, a weakling DsFi (D:3)
  A giant eyeball (D:4)
  13 giant geckos
  152 orcs
  A bat zombie (D:5)
  4 giant cockroaches (D:1)
  29 goblins
  17 hobgoblins
  31 jackals
  37 kobolds
  2 ball pythons
  36 bats
  4 giant newts
  A goblin skeleton (Orc:2)
  2 goblin zombies (Ossuary)
  2 hobgoblin zombies (Ossuary)
  A jackal zombie (D:8)
  3 kobold zombies (Ossuary)
  2 orc skeletons (Orc:2)
  2 orc zombies
  13 quokkas
  32 rats
  2 ballistomycetes (D:7)
  3 fungi (Lair:2)
  7 plants
1185 creatures vanquished.

Vanquished Creatures (others)
  An adder (D:7)
  An orc (Orc:4)
  A giant newt (D:7)
  A giant spore (D:7)
  13 fungi
  11 plants
28 creatures vanquished.

Grand Total: 1213 creatures vanquished

Notes
Turn   | Place    | Note
--------------------------------------------------------------
     0 | D:1      | Yolobear, the Ogre Gladiator, began the quest for the Orb.
     0 | D:1      | Reached XP level 1. HP: 22/22 MP: 0/0
   411 | D:1      | Reached XP level 2. HP: 27/29 MP: 1/1
   974 | D:1      | Reached XP level 3. HP: 33/37 MP: 2/2
  1571 | D:2      | Reached skill level 5 in Maces & Flails
  1728 | D:2      | Reached XP level 4. HP: 35/45 MP: 3/3
  2490 | D:3      | Noticed timbw's ghost (weakling DsFi)
  2535 | D:3      | Killed timbw's ghost
  3156 | D:3      | Reached skill level 6 in Maces & Flails
  3156 | D:3      | Reached XP level 5. HP: 48/53 MP: 4/4
  3323 | D:4      | Found a blossoming altar of Fedhas.
  3381 | D:4      | Noticed an oklob plant
  3437 | D:4      | Reached skill level 7 in Maces & Flails
  3444 | D:4      | Reached XP level 6. HP: 57/62 MP: 5/5
  3841 | D:4      | Noticed a centaur
  4409 | D:4      | Found a deep blue altar of Sif Muna.
  4635 | D:4      | Noticed a centaur
  4722 | D:4      | Killed a centaur
  4722 | D:4      | Reached skill level 5 in Fighting
  4722 | D:4      | Reached skill level 8 in Maces & Flails
  4722 | D:4      | Reached XP level 7. HP: 27/70 MP: 6/6
  4756 | D:5      | Entered Level 5 of the Dungeon
  5418 | D:5      | Reached skill level 9 in Maces & Flails
  5914 | D:5      | Found a staircase to the Ecumenical Temple.
  5921 | Temple   | Entered the Ecumenical Temple
  6205 | D:5      | Reached skill level 10 in Maces & Flails
  6205 | D:5      | Reached XP level 8. HP: 66/80 MP: 7/7
  6498 | D:6      | Found a sand-covered staircase.
  6503 | Ossuary  | Entered an ossuary
  7054 | D:6      | Reached skill level 11 in Maces & Flails
  7706 | D:7      | Noticed Sigmund
  8251 | D:7      | Killed Sigmund
  8251 | D:7      | Reached skill level 12 in Maces & Flails
  8251 | D:7      | Reached XP level 9. HP: 32/91 MP: 8/8
  8858 | D:7      | Noticed Eustachio
  8868 | D:7      | Killed Eustachio
  8933 | D:7      | Reached skill level 13 in Maces & Flails
  9204 | D:7      | Found a sparkling altar of Nemelex Xobeh.
  9204 | D:7      | Found an ancient bone altar of Kikubaaqudgha.
  9207 | D:7      | Became a worshipper of Nemelex Xobeh the Trickster
  9270 | D:7      | Received a gift from Nemelex Xobeh
  9861 | D:8      | Acquired Nemelex Xobeh's first power
 10540 | D:8      | Reached skill level 14 in Maces & Flails
 10745 | D:9      | Noticed a hill giant
 10755 | D:9      | Killed a hill giant
 10755 | D:9      | Reached skill level 10 in Fighting
 10755 | D:9      | Reached XP level 10. HP: 8/102 MP: 9/9
 11202 | D:9      | Received a gift from Nemelex Xobeh
 11215 | D:9      | Found a snail-covered altar of Cheibriados.
 11424 | D:9      | Reached skill level 15 in Maces & Flails
 11424 | D:9      | Reached skill level 1 in Evocations
 11455 | D:9      | Noticed Dowan
 11550 | D:9      | Noticed Duvessa
 11985 | D:9      | Killed Dowan
 12018 | D:9      | HP: 5/104 [yellow wasp (13)]
 12022 | D:10     | Entered Level 10 of the Dungeon
 12033 | D:10     | Noticed nOtime's ghost (experienced MiFi)
 12119 | D:10     | Paralysed by a yellow wasp for 2 turns
 12162 | D:10     | Noticed Joseph
 12450 | D:9      | Killed Duvessa
 12478 | D:9      | Acquired Nemelex Xobeh's second power
 12756 | D:9      | Found a blossoming altar of Fedhas.
 12757 | D:9      | Noticed a wandering mushroom
 12757 | D:9      | Noticed a wandering mushroom
 12760 | D:9      | Noticed a wandering mushroom
 12760 | D:9      | Noticed a wandering mushroom
 12762 | D:9      | Killed a wandering mushroom
 14052 | D:9      | Killed a wandering mushroom
 14095 | D:9      | Killed a wandering mushroom
 14095 | D:9      | Reached skill level 16 in Maces & Flails
 14610 | D:10     | Reached XP level 11. HP: 104/113 MP: 16/16
 15084 | D:9      | Received a gift from Nemelex Xobeh
 15548 | D:9      | Acquired Nemelex Xobeh's third power
 15803 | D:9      | Found a staircase to the Orcish Mines.
 15815 | Orc:1    | Entered Level 1 of the Orcish Mines
 16012 | Orc:1    | Found a flagged portal.
 16028 | Bailey   | Entered a bailey
 16142 | Bailey   | Acquired Nemelex Xobeh's fourth power
 16142 | Bailey   | Received a gift from Nemelex Xobeh
 16190 | Bailey   | Gained mutation: You have a very fast metabolism. [potion of mutation]
 16190 | Bailey   | Gained mutation: You are clumsy. (Dex -2) [potion of mutation]
 16190 | Bailey   | Gained mutation: Your mind is acute. (Int +2) [potion of mutation]
 16191 | Bailey   | Gained mutation: You have large cloven feet. [potion of mutation]
 16192 | Bailey   | Lost mutation: You have a very fast metabolism. [potion of mutation]
 16192 | Bailey   | Gained mutation: You are weak. (Str -2) [potion of mutation]
 16262 | Bailey   | Noticed an orc knight
 16330 | Bailey   | HP: 4/114 [gnoll/halberd of electrocution (20)]
 16353 | Bailey   | Received a gift from Nemelex Xobeh
 16777 | Bailey   | Killed an orc knight
 16905 | Bailey   | Reached XP level 12. HP: 123/123 MP: 15/24
 17075 | D:9      | Killed Joseph
 17264 | D:10     | Noticed Maurice
 17867 | D:10     | Received a gift from Nemelex Xobeh
 18370 | D:10     | Killed Maurice
 18523 | D:10     | Reached skill level 17 in Maces & Flails
 19525 | D:11     | Found Stretwol's Distillery.
 19548 | D:11     | Bought a potion of heal wounds for 48 gold pieces
 19548 | D:11     | Bought a potion of heal wounds for 48 gold pieces
 19774 | D:11     | Received a gift from Nemelex Xobeh
 19775 | D:11     | Found a staircase to the Lair.
 19946 | Lair:1   | Entered Level 1 of the Lair of Beasts
 20604 | Lair:1   | Lost mutation: Your mind is acute. (Int +2) [potion of cure mutation]
 20604 | Lair:1   | Lost mutation: You are clumsy. (Dex -2) [potion of cure mutation]
 20604 | Lair:1   | Lost mutation: You are weak. (Str -2) [potion of cure mutation]
 20604 | Lair:1   | Lost mutation: You have large cloven feet. [potion of cure mutation]
 20683 | Lair:1   | Learned a level 1 spell: Apportation
 20685 | Lair:1   | Learned a level 1 spell: Summon Butterflies
 20790 | D:11     | Acquired Nemelex Xobeh's fifth power
 21509 | D:11     | Reached skill level 10 in Evocations
 21525 | D:11     | Reached skill level 18 in Maces & Flails
 21525 | D:11     | Reached XP level 13. HP: 77/135 MP: 25/25
 21598 | D:11     | Received a gift from Nemelex Xobeh
 22328 | D:11     | Noticed Erolcha
 22367 | D:11     | Killed Erolcha
 22610 | D:11     | Noticed a stone giant
 23350 | D:11     | Killed a stone giant
 23811 | D:11     | Got a smoking mace
 23812 | D:11     | Identified the +4,+4 mace of Defenestration {crush, rC- Dex+1} (You found it on level 11 of the Dungeon)
 23812 | D:11     | Identified the +4,+4 mace of Defenestration {crush, rC- Dex+1} (You found it on level 11 of the Dungeon)
 23822 | D:11     | Got a sapphire mace
 23823 | D:11     | Identified the +7,+7 mace "Narip" {crush, MR++ SInv} (You found it on level 11 of the Dungeon)
 23823 | D:11     | Identified the +7,+7 mace "Narip" {crush, MR++ SInv} (You found it on level 11 of the Dungeon)
 23845 | D:11     | Received a gift from Nemelex Xobeh
 23883 | D:11     | Received a gift from Nemelex Xobeh
 24164 | D:11     | Yolobear: hi
 24164 | D:11     | Tedronai: hey ho
 24285 | D:11     | Reached skill level 19 in Maces & Flails
 26492 | Lair:2   | Received a gift from Nemelex Xobeh
 28588 | Lair:3   | Received a gift from Nemelex Xobeh
 28613 | Lair:3   | Noticed Maud
 28633 | Lair:3   | Killed Maud
 28633 | Lair:3   | Reached XP level 14. HP: 148/148 MP: 28/28
 29314 | Lair:4   | Reached skill level 20 in Maces & Flails
 29404 | Lair:4   | Found a hole to the Spider Nest.
 29425 | Lair:4   | Found a staircase to the Swamp.
 29787 | Lair:4   | Reached skill level 15 in Fighting
 30074 | Lair:4   | Received a gift from Nemelex Xobeh
 31196 | Lair:5   | Found a staircase to the Snake Pit.
 33399 | Lair:6   | Received a gift from Nemelex Xobeh
 35216 | Lair:7   | Found a radiant altar of Vehumet.
 35551 | Lair:7   | Found a viscous altar of Jiyva.
 35551 | Lair:7   | Found a staircase to the Slime Pits.
 35680 | Lair:8   | Entered Level 8 of the Lair of Beasts
 35735 | Lair:8   | Received a gift from Nemelex Xobeh
 35782 | Lair:8   | Found a radiant altar of Vehumet.
 36333 | Lair:8   | Reached skill level 21 in Maces & Flails
 36955 | Lair:8   | Reached XP level 15. HP: 43/159 MP: 29/29
 38073 | Lair:8   | Reached skill level 5 in Dodging
 38099 | Lair:8   | Received a gift from Nemelex Xobeh
 40580 | D:13     | Found Cethru's Antique Armour Boutique.
 40606 | D:13     | Received a gift from Nemelex Xobeh
 40898 | D:13     | Reached skill level 22 in Maces & Flails
 41538 | Orc:2    | Noticed Josephine
 41554 | Orc:2    | Killed Josephine
 41986 | Orc:1    | Received a gift from Nemelex Xobeh
 41997 | Orc:1    | Found a deep blue altar of Sif Muna.
 42358 | Orc:2    | Found a roughly hewn altar of Beogh.
 42383 | Orc:2    | Received a gift from Nemelex Xobeh
 42762 | Orc:4    | Entered Level 4 of the Orcish Mines
 42762 | Orc:4    | Noticed Nergalle
 42867 | Orc:3    | Found a frozen archway.
 42923 | IceCv    | Entered an ice cave
 44046 | Orc:3    | Received a gift from Nemelex Xobeh
 44901 | Orc:4    | Killed Nergalle
 44919 | Orc:4    | Paralysed by an orc sorcerer for 3 turns
 44990 | Orc:4    | Noticed Fannar
 45000 | Orc:4    | Killed Fannar
 45093 | Orc:4    | Found Pnougac's Food Emporium.
 45107 | Orc:3    | Found a staircase to the Elven Halls.
 45272 | Orc:2    | Received a gift from Nemelex Xobeh
 45861 | Orc:4    | Reached XP level 16. HP: 147/174 MP: 31/31
 46155 | Orc:4    | Received a gift from Nemelex Xobeh
 46352 | Orc:4    | Found Kotax's Antique Armour Shoppe.
 46393 | Orc:4    | Received a gift from Nemelex Xobeh
 46466 | Orc:4    | Found Ralaef's Magical Wand Boutique.
 46522 | Orc:4    | Found Pruuromn's Magic Scroll Shoppe.
 46526 | Orc:4    | Bought a glowing robe for 21 gold pieces
 46665 | Orc:4    | Noticed Donald
 46681 | Orc:4    | Killed Donald
 46711 | Orc:4    | Bought a royal jelly for 132 gold pieces
 46723 | Orc:4    | Bought a scroll of enchant weapon II for 55 gold pieces
 46723 | Orc:4    | Bought a scroll of blinking for 55 gold pieces
 46723 | Orc:4    | Bought a scroll of magic mapping for 35 gold pieces
 46734 | Orc:4    | Ladykiller69: lol
 46796 | Orc:4    | Received a gift from Nemelex Xobeh
 47055 | Orc:4    | Upgraded the game from 0.14-a0-1097-gc7db7fc to 0.14-a0-2759-g5bb4bfe
 47059 | Orc:4    | Upgraded the game from 0.14-a0-2759-g5bb4bfe to 0.15-a0-1619-g29500c9
 47059 | Orc:4    | Quit the game

Action                   |  1- 3 |  4- 6 |  7- 9 | 10-12 | 13-15 | 16-18 || total
-------------------------+-------+-------+-------+-------+-------+-------++-------
Melee: Mace              |   121 |    90 |       |       |       |       ||   211
       Flail             |       |   110 |   297 |       |       |       ||   407
       Giant club        |       |       |   123 |    29 |       |       ||   152
       Giant spiked club |       |       |       |   548 |  1835 |   141 ||  2524
Throw: Dart              |       |       |     6 |       |       |       ||     6
       Tomahawk          |       |       |     2 |     8 |     5 |       ||    15
       Throwing net      |       |       |     2 |     1 |       |       ||     3
       Javelin           |       |       |       |     8 |     2 |       ||    10
       Large rock        |       |       |       |    11 |     4 |       ||    15
Invok: Draw One          |       |       |       |     1 |    10 |     4 ||    15
       Peek at Two       |       |       |       |       |    14 |     3 ||    17
 Abil: Evoke Invisibilit |       |       |     1 |       |       |       ||     1
       Evoke Teleportati |       |       |       |     1 |     7 |       ||     8
Evoke: Wand              |       |     3 |       |     6 |     3 |       ||    12
       Disc of storms    |       |       |       |       |     7 |       ||     7
  Use: Scroll            |     2 |     1 |    20 |     7 |    19 |     2 ||    51
       Potion            |       |       |     5 |    19 |     8 |     1 ||    33
 Stab: Confused          |       |     2 |       |       |       |       ||     2
       Sleeping          |       |       |     3 |       |     2 |       ||     5
       Distracted        |       |       |       |       |     1 |       ||     1
